BlueJackets vs Ducks

Created - Tuesday, November 10, 2015 at 01:12

Goals
1 2 3 T
BlueJackets 1 0 0 1
Ducks 4 2 2 8
Shots
1 2 3 T
BlueJackets 18 2 9 29
Ducks 13 9 9 31

1st period

1. Ducks , Jean-Gabriel Pageau 2 (Brad Richardson, Drew Miller) at 1:35
2. Ducks , Brad Richardson 1 (Jean-Gabriel Pageau) at 3:42
3. Ducks , Patrick Kane 7 (Anton Stralman) at 10:09
4. BlueJackets , Andrej Meszaros 2 (Patrick Wiercioch, Ryan Garbutt) at 12:39 (PP)
5. Ducks , Patrick Kane 8 (Johnny Boychuk) at 16:22

Penalties :
Andrew MacWilliam (Ana) for Tripping (Minor) at 12:26

2nd period

6. Ducks , Brad Richardson 2 (Jean-Gabriel Pageau, Drew Miller) at 5:10
7. Ducks , Jonathan Huberdeau 3 (Tyler Bozak) at 9:19 (PP)

Penalties :
Andrej Meszaros (Clb) for Hooking (Minor) at 0:46, Patrick Wiercioch (Clb) for Goalie Interference (Minor) at 8:38, Chris Wagner (Clb) for Holding (Minor) at 17:36

3rd period

8. Ducks , Henrik Sedin 6 (Patrick Kane) at 6:09 (PP)
9. Ducks , Patrick Kane 9 (Nick Foligno, James Wisniewski) at 12:27

Penalties :
Raphael Diaz (Clb) for Holding Stick (Minor) at 6:02, Andrej Meszaros (Clb) for High sticking (Minor) at 6:22, Brad Richardson (Ana) for Fighting (Major) at 10:55, Chris Thorburn (Clb) for Fighting (Major) at 10:55, Chris Thorburn (Clb) for instigated a fight (Minor) at 10:55, Chris Thorburn (Clb) for instigated a fight (10 Minutes Misconduct) at 10:55, Anton Stralman (Ana) for Holding (Minor) at 10:58, Antoine Vermette (Ana) for Holding (Minor) at 14:10, James Wisniewski (Ana) for Roughing (Minor) at 15:31

Goalie Stats

Joni Ortio (Clb), 17 saves from 21 shots - (0.810), 43:38 minutes
Jake Allen (Clb), 6 saves from 10 shots - (0.600), L, 1-5-1, 16:22 minutes
Jonathan Bernier (Ana), 28 saves from 29 shots - (0.966), W, 6-3-4, 60:00 minutes

Players Stats for BlueJackets

Player Name              G  A  P  +/- PIM S  H  SB GA TA FO     MP     PP MP  PK MP  
------------------------------------------------------------------------------------
Andrej Meszaros          1  0  1  -2  4   3  2  0  0  5  0/0    24:24   2:05   1:41 
Brian Dumoulin           0  0  0  -2  0   0  1  0  0  1  0/0    12:45   0:00   0:00 
Chad Ruhwedel            0  0  0  -2  0   1  0  0  0  2  0/0    14:24   0:00   1:33 
Chris Thorburn           0  0  0   0  17  0  3  0  0  0  0/0    13:48   0:13   0:00 
Chris Wagner             0  0  0  -1  2   0  1  0  0  0  0/0     7:26   0:00   0:00 
Derek Dorsett            0  0  0  -3  0   0  2  0  0  0  0/0    15:16   0:00   0:00 
Drew Shore               0  0  0  -3  0   3  1  1  5  0  2/7    16:14   0:32   0:00 
Matt Nieto               0  0  0  -1  0   1  1  1  2  0  0/0    13:22   1:32   1:25 
Nick Shore               0  0  0  -1  0   2  0  0  0  0  2/5     9:16   0:00   0:52 
Patrick Wiercioch        0  1  1  -2  2   4  0  1  0  0  0/0    19:07   2:05   2:23 
Raphael Diaz             0  0  0  -2  2   1  0  0  0  0  0/0    21:23   1:31   3:44 
Ryan Garbutt             0  1  1   0  0   0  1  2  0  0  2/2    16:31   2:01   0:00 
Ryane Clowe              0  0  0  -4  0   2  3  0  2  0  0/1    17:20   1:19   0:00 
Sam Gagner               0  0  0  -2  0   3  0  0  1  0  5/21   24:36   1:35   4:31 
Seth Helgeson            0  0  0  -2  0   2  2  0  0  2  0/0    21:24   1:31   3:44 
Teddy Purcell            0  0  0  -2  0   1  0  1  0  0  0/0    19:24   1:35   5:23 
Trevor van Riemsdyk      0  0  0   0  0   0  0  1  1  1  0/0     6:33   0:00   0:31 
Victor Rask              0  0  0   0  0   6  0  0  2  0  11/16  17:57   2:01   1:25 

Players Stats for Ducks

Player Name              G  A  P  +/- PIM S  H  SB GA TA FO     MP     PP MP  PK MP  
------------------------------------------------------------------------------------
Andrew MacWilliam        0  0  0   1  2   2  1  1  0  0  0/0    14:17   0:00   0:00 
Antoine Vermette         0  0  0   0  2   2  0  0  0  0  1/4     9:00   0:03   0:23 
Anton Stralman           0  1  1   3  2   1  2  3  0  1  0/0    25:22   4:19   2:53 
Blake Comeau             0  0  0   0  0   0  1  0  0  0  0/0     8:13   0:00   0:22 
Brad Richardson          2  1  3   3  5   5  1  0  2  0  0/0    13:41   0:00   0:35 
Brett Bellemore          0  0  0   0  0   0  0  0  0  0  0/0     0:45   0:00   0:23 
Drew Miller              0  2  2   3  0   1  2  0  0  0  0/0    14:43   0:00   1:00 
Henrik Sedin             1  0  1   2  0   4  0  0  2  0  11/15  14:49   3:22   0:13 
James Wisniewski         0  1  1   2  2   0  1  0  2  1  0/0    18:48   2:28   0:19 
Jean-Gabriel Pageau      1  2  3   3  0   2  1  1  3  0  7/12   13:10   0:00   0:00 
Johnny Boychuk           0  1  1   3  0   1  2  2  0  0  0/0    25:39   4:20   1:40 
Jonathan Huberdeau       1  0  1   0  0   4  0  0  2  0  0/0    18:55   3:26   0:00 
Marc Staal               0  0  0   1  0   2  0  1  0  1  0/0    18:51   2:28   0:00 
Matthew Carle            0  0  0   2  0   1  0  2  0  3  0/0    17:03   0:00   1:56 
Nick Foligno             0  1  1   3  0   1  3  0  3  0  3/6    24:30   3:19   2:20 
Nikita Kucherov          0  0  0   0  0   0  1  0  3  1  0/1    18:55   3:26   0:00 
Patrick Kane             3  1  4   3  0   4  1  0  5  0  2/2    18:31   3:22   2:03 
Tyler Bozak              0  1  1   0  0   1  3  0  3  0  6/12   19:08   3:26   0:13 

3 Stars

1 - Patrick Kane (Ana)
2 - Jean-Gabriel Pageau (Ana)
3 - Brad Richardson (Ana)

Power Play

BlueJackets - 1 on 4 Attempt(s) - 25.00%
Ducks - 2 on 6 Attempt(s) - 33.33%

Penalty Kill

BlueJackets - 4 on 6 Attempt(s) - 66.67% - Score 0 goal in Penalty Kill
Ducks - 3 on 4 Attempt(s) - 75.00% - Score 0 goal in Penalty Kill

Team Stat

BlueJackets - Hits : 17 - Faceoff Wins : 22 - Blocked Shots : 7 - Penalty Minutes : 27
Ducks - Hits : 19 - Faceoff Wins : 30 - Blocked Shots : 10 - Penalty Minutes : 13

Official

Referees : Unknown
Linesman : Unknown

Game Notes

Joni Ortio enters game at 16:22 of 1st period
6:22 of 2nd period - Ducks goal is going for a video replay. After video review, No Goal. The net was displaced accidentally.
Brad Richardson beats up Chris Thorburn at 10:55 of 3rd period
Patrick Kane has scored a Hat Trick!

Finance

Level 1 -- Attendance: 4070 (67.83%) -- Ticket Income $386,650
Level 2 -- Attendance: 4584 (91.68%) -- Ticket Income $229,200
Level 3 -- Attendance: 1859 (92.95%) -- Ticket Income $55,770
Level 4 -- Attendance: 3504 (87.60%) -- Ticket Income $63,072
Luxury Box -- Attendance: 777 (77.70%) -- Ticket Income $143,745
Game was played at the Honda Center.
Total Attendance: 14794 (82.19%)
Total Ticket Income: $878,437
Other Income: $430,434
Total Income: $1,308,871

BlueJackets

5 vs 5 Forward 
   Center                   Left Wing                Right Wing               Time % Phy DF OF 
 1 Sam Gagner               Teddy Purcell            Matt Nieto               35     1   2  2  
 2 Victor Rask              Ryan Garbutt             Chris Thorburn           30     1   2  2  
 3 Drew Shore               Ryane Clowe              Derek Dorsett            22     1   2  2  
 4 Nick Shore               Sam Gagner               Chris Wagner             13     1   2  2  

5 vs 5 Defense 
   Defense                  Defense                                           Time % Phy DF OF 
 1 Andrej Meszaros          Patrick Wiercioch                                 35     1   2  2  
 2 Raphael Diaz             Seth Helgeson                                     30     1   2  2  
 3 Brian Dumoulin           Chad Ruhwedel                                     22     1   2  2  
 4 Trevor van Riemsdyk      Andrej Meszaros                                   13     1   2  2  

PowerPlay Forward 
   Center                   Left Wing                Right Wing               Time % Phy DF OF 
 1 Sam Gagner               Teddy Purcell            Matt Nieto               60     1   2  2  
 2 Victor Rask              Ryan Garbutt             Chris Thorburn           40     1   2  2  

PowerPlay Defense
   Defense                  Defense                                           Time % Phy DF OF 
 1 Andrej Meszaros          Patrick Wiercioch                                 60     1   2  2  
 2 Raphael Diaz             Seth Helgeson                                     40     1   2  2  

Penalty Kill 4 Players Forward 
   Center                   Wing                     Time % Phy DF OF 
 1 Sam Gagner               Teddy Purcell            60     1   2  2  
 2 Victor Rask              Matt Nieto               40     1   2  2  

Penalty Kill 4 Players Defense
   Defense                  Defense                  Time % Phy DF OF 
 1 Andrej Meszaros          Patrick Wiercioch        60     1   2  2  
 2 Raphael Diaz             Seth Helgeson            40     1   2  2  

Penalty Kill - 3 Players Forward 
   Forward                                           Time % Phy DF OF 
 1 Sam Gagner                                        60     1   2  2  
 2 Teddy Purcell                                     40     1   2  2  

Penalty Kill - 3 Players Defense
   Defense                  Defense                  Time % Phy DF OF 
 1 Andrej Meszaros          Patrick Wiercioch        60     1   2  2  
 2 Raphael Diaz             Seth Helgeson            40     1   2  2  

4 vs 4 Forward 
   Center                   Wing                     Time % Phy DF OF 
 1 Sam Gagner               Teddy Purcell            60     1   2  2  
 2 Victor Rask              Matt Nieto               40     1   2  2  

4 vs 4 Defense
   Defense                  Defense                  Time % Phy DF OF 
 1 Andrej Meszaros          Patrick Wiercioch        60     1   2  2  
 2 Raphael Diaz             Seth Helgeson            40     1   2  2  

Last Minutes Offensive
   Center                   Left Wing                Right Wing               Defense                  Defense                  
   Sam Gagner               Teddy Purcell            Matt Nieto               Andrej Meszaros          Patrick Wiercioch        

Last Minutes Defensive
   Center                   Left Wing                Right Wing               Defense                  Defense                  
   Sam Gagner               Teddy Purcell            Matt Nieto               Andrej Meszaros          Patrick Wiercioch        

Goaltenders
Starting : Jake Allen               
Backup : Joni Ortio               

Extra Forwards
Normal : Ryane Clowe, Drew Shore, Nick Shore - PP : Ryane Clowe, Drew Shore - PK : Nick Shore
Extra Defensemen
Normal : Brian Dumoulin, Chad Ruhwedel, Trevor van Riemsdyk - PP : Brian Dumoulin - PK : Chad Ruhwedel, Trevor van Riemsdyk
Penalty Shots
Sam Gagner, Teddy Purcell, Victor Rask, Matt Nieto, Ryan Garbutt

Ducks

5 vs 5 Forward 
   Center                   Left Wing                Right Wing               Time % Phy DF OF 
 1 Henrik Sedin             Nick Foligno             Patrick Kane             36     1   2  2  
 2 Tyler Bozak              Jonathan Huberdeau       Nikita Kucherov          30     1   2  2  
 3 Antoine Vermette         Blake Comeau             Nick Foligno             21     1   2  2  
 4 Jean-Gabriel Pageau      Brad Richardson          Drew Miller              13     1   2  2  

5 vs 5 Defense 
   Defense                  Defense                                           Time % Phy DF OF 
 1 Johnny Boychuk           Anton Stralman                                    35     1   2  2  
 2 James Wisniewski         Marc Staal                                        30     1   2  2  
 3 Matthew Carle            Andrew MacWilliam                                 22     1   2  2  
 4 Johnny Boychuk           Anton Stralman                                    13     1   2  2  

PowerPlay Forward 
   Center                   Left Wing                Right Wing               Time % Phy DF OF 
 1 Henrik Sedin             Nick Foligno             Patrick Kane             60     1   2  2  
 2 Tyler Bozak              Jonathan Huberdeau       Nikita Kucherov          40     1   2  2  

PowerPlay Defense
   Defense                  Defense                                           Time % Phy DF OF 
 1 Johnny Boychuk           Anton Stralman                                    60     1   2  2  
 2 James Wisniewski         Marc Staal                                        40     1   2  2  

Penalty Kill 4 Players Forward 
   Center                   Wing                     Time % Phy DF OF 
 1 Nick Foligno             Patrick Kane             60     1   2  2  
 2 Henrik Sedin             Tyler Bozak              40     1   2  2  

Penalty Kill 4 Players Defense
   Defense                  Defense                  Time % Phy DF OF 
 1 Johnny Boychuk           Anton Stralman           60     1   2  2  
 2 James Wisniewski         Matthew Carle            40     1   2  2  

Penalty Kill - 3 Players Forward 
   Forward                                           Time % Phy DF OF 
 1 Nick Foligno                                      60     1   2  2  
 2 Patrick Kane                                      40     1   2  2  

Penalty Kill - 3 Players Defense
   Defense                  Defense                  Time % Phy DF OF 
 1 Johnny Boychuk           Anton Stralman           60     1   2  2  
 2 James Wisniewski         Matthew Carle            40     1   2  2  

4 vs 4 Forward 
   Center                   Wing                     Time % Phy DF OF 
 1 Nick Foligno             Patrick Kane             60     1   2  2  
 2 Henrik Sedin             Tyler Bozak              40     1   2  2  

4 vs 4 Defense
   Defense                  Defense                  Time % Phy DF OF 
 1 Johnny Boychuk           Anton Stralman           60     1   2  2  
 2 James Wisniewski         Matthew Carle            40     1   2  2  

Last Minutes Offensive
   Center                   Left Wing                Right Wing               Defense                  Defense                  
   Nick Foligno             Jonathan Huberdeau       Patrick Kane             Johnny Boychuk           Anton Stralman           

Last Minutes Defensive
   Center                   Left Wing                Right Wing               Defense                  Defense                  
   Nick Foligno             Jonathan Huberdeau       Patrick Kane             Johnny Boychuk           Anton Stralman           

Goaltenders
Starting : Jonathan Bernier         
Backup : Jhonas Enroth            

Extra Forwards
Normal : Antoine Vermette, Blake Comeau, Drew Miller - PP : Antoine Vermette, Blake Comeau - PK : Drew Miller
Extra Defensemen
Normal : Marc Staal, Johnny Boychuk, James Wisniewski - PP : Marc Staal - PK : Anton Stralman, James Wisniewski
Penalty Shots
Nick Foligno, Patrick Kane, Henrik Sedin, Tyler Bozak, Antoine Vermette

% Time on Ice - BlueJackets

Lines # - Real PCT - Wanted PCT - Time Play
Normal Forward
1 - 22% - 35% - 10:30
2 - 30% - 30% - 14:31
3 - 32% - 22% - 15:16
4 - 15% - 13% - 7:23
Normal Defense
1 - 28% - 35% - 13:17
2 - 33% - 30% - 15:36
3 - 27% - 22% - 12:45
4 - 13% - 13% - 6:02
PP Forward
1 - 44% - 60% - 1:35
2 - 56% - 40% - 2:01
PP Defense
1 - 58% - 60% - 2:05
2 - 42% - 40% - 1:31
PK Forward
1 - 79% - 60% - 5:23
2 - 21% - 40% - 1:25
PK Defense
1 - 45% - 60% - 3:04
2 - 55% - 40% - 3:44
PK3 Forward
1 - 0% - 60%
2 - 0% - 40%
PK3 Defense
1 - 0% - 60%
2 - 0% - 40%
44 Forward
1 - 100% - 60% - 1:56
2 - 0% - 40% - 0:00
44 Defense
1 - 72% - 60% - 1:23
2 - 28% - 40% - 0:33
Last Minute Offensive  - 0:00
Last Minute Defensive  - 0:00
Total
Forward - 60:00
Defense - 60:00

% Time on Ice - Ducks

Lines # - Real PCT - Wanted PCT - Time Play
Normal Forward
1 - 26% - 36% - 12:13
2 - 32% - 30% - 15:29
3 - 14% - 21% - 6:48
4 - 28% - 13% - 13:10
Normal Defense
1 - 31% - 35% - 14:50
2 - 32% - 30% - 15:16
3 - 30% - 22% - 14:18
4 - 7% - 13% - 3:16
PP Forward
1 - 50% - 60% - 3:22
2 - 50% - 40% - 3:26
PP Defense
1 - 64% - 60% - 4:20
2 - 36% - 40% - 2:28
PK Forward
1 - 93% - 60% - 2:45
2 - 7% - 40% - 0:13
PK Defense
1 - 56% - 60% - 1:40
2 - 44% - 40% - 1:18
PK3 Forward
1 - 100% - 60% - 0:38
2 - 0% - 40% - 0:00
PK3 Defense
1 - 0% - 60% - 0:00
2 - 100% - 40% - 0:38
44 Forward
1 - 100% - 60% - 1:56
2 - 0% - 40% - 0:00
44 Defense
1 - 80% - 60% - 1:33
2 - 20% - 40% - 0:23
Last Minute Offensive  - 0:00
Last Minute Defensive  - 0:00
Total
Forward - 60:00
Defense - 60:00

Play by Play

1st period


0:01 of 1st period - Henrik Sedin wins face-off versus Sam Gagner in neutral zone.
0:04 of 1st period - Teddy Purcell is hit by Anton Stralman.
0:20 of 1st period - Snap shot by Patrick Wiercioch.
0:20 of 1st period - Shot Blocked by Johnny Boychuk.
1:04 of 1st period - Wrist shot by Tyler Bozak.
1:04 of 1st period - Shot Misses the Net.
1:17 of 1st period - Icing by Ryan Garbutt.
1:18 of 1st period - Jean-Gabriel Pageau wins face-off versus Victor Rask in BlueJackets zone.
1:35 of 1st period - Snap shot by Jean-Gabriel Pageau.
1:35 of 1st period - Goal by Jean-Gabriel Pageau - BlueJackets : 0 - Ducks : 1.
1:36 of 1st period - Antoine Vermette wins face-off versus Drew Shore in neutral zone.
2:01 of 1st period - Wrist shot by Ryane Clowe.
2:01 of 1st period - Stopped by Jonathan Bernier with a rebound.
3:18 of 1st period - Snap shot by Jean-Gabriel Pageau.
3:18 of 1st period - Stopped by Jake Allen without a rebound.
3:19 of 1st period - Henrik Sedin wins face-off versus Victor Rask in BlueJackets zone.
3:20 of 1st period - Wrist shot by Patrick Kane.
3:20 of 1st period - Shot Misses the Net.
3:22 of 1st period - Backhand shot by Anton Stralman.
3:22 of 1st period - Stopped by Jake Allen without a rebound.
3:23 of 1st period - Henrik Sedin wins face-off versus Victor Rask in BlueJackets zone.
3:40 of 1st period - Wrist shot by Henrik Sedin.
3:40 of 1st period - Stopped by Jake Allen without a rebound.
3:41 of 1st period - Jean-Gabriel Pageau wins face-off versus Drew Shore in BlueJackets zone.
3:42 of 1st period - Slapshot by Brad Richardson.
3:42 of 1st period - Goal by Brad Richardson - BlueJackets : 0 - Ducks : 2.
3:43 of 1st period - Henrik Sedin wins face-off versus Sam Gagner in neutral zone.
4:20 of 1st period - Snap shot by Patrick Kane.
4:20 of 1st period - Shot Blocked by Patrick Wiercioch.
4:36 of 1st period - Andrej Meszaros is hit by Tyler Bozak and loses puck.
4:47 of 1st period - Snap shot by Drew Shore.
4:47 of 1st period - Stopped by Jonathan Bernier with a rebound.
4:49 of 1st period - Snap shot by Raphael Diaz.
4:49 of 1st period - Stopped by Jonathan Bernier with a rebound.
4:51 of 1st period - Snap shot by Seth Helgeson.
4:51 of 1st period - Stopped by Jonathan Bernier without a rebound.
4:52 of 1st period - Victor Rask wins face-off versus Jean-Gabriel Pageau in Ducks zone.
4:59 of 1st period - Snap shot by Victor Rask.
4:59 of 1st period - Stopped by Jonathan Bernier without a rebound.
5:00 of 1st period - Jean-Gabriel Pageau wins face-off versus Victor Rask in Ducks zone.
5:55 of 1st period - Snap shot by Ryane Clowe.
5:55 of 1st period - Deflect By Drew Shore.
5:55 of 1st period - Stopped by Jonathan Bernier with a rebound.
5:57 of 1st period - Slapshot by Ryane Clowe.
5:57 of 1st period - Deflect By Matthew Carle.
5:57 of 1st period - Stopped by Jonathan Bernier with a rebound.
5:59 of 1st period - Slapshot by Chad Ruhwedel.
5:59 of 1st period - Stopped by Jonathan Bernier with a rebound.
6:15 of 1st period - Wrist shot by Drew Shore.
6:15 of 1st period - Stopped by Jonathan Bernier with a rebound.
7:15 of 1st period - Snap shot by Chris Thorburn.
7:15 of 1st period - Shot Blocked by Marc Staal.
7:17 of 1st period - Slapshot by Andrej Meszaros.
7:17 of 1st period - Stopped by Jonathan Bernier with a rebound.
8:08 of 1st period - Off-side.
8:09 of 1st period - Henrik Sedin wins face-off versus Drew Shore in neutral zone.
8:25 of 1st period - Snap shot by Patrick Kane.
8:25 of 1st period - Shot Blocked by Drew Shore.
9:40 of 1st period - Ryan Garbutt is hit by Drew Miller and loses puck.
9:45 of 1st period - Slapshot by Brad Richardson.
9:45 of 1st period - Stopped by Jake Allen without a rebound.
9:46 of 1st period - Jean-Gabriel Pageau wins face-off versus Sam Gagner in BlueJackets zone.
10:09 of 1st period - Snap shot by Patrick Kane.
10:09 of 1st period - Goal by Patrick Kane - BlueJackets : 0 - Ducks : 3.
10:10 of 1st period - Ryan Garbutt wins face-off versus Tyler Bozak in neutral zone.
11:01 of 1st period - Snap shot by Marc Staal.
11:01 of 1st period - Stopped by Jake Allen without a rebound.
11:02 of 1st period - Jean-Gabriel Pageau wins face-off versus Sam Gagner in BlueJackets zone.
11:50 of 1st period - Snap shot by Patrick Kane.
11:50 of 1st period - Stopped by Jake Allen without a rebound.
11:51 of 1st period - Patrick Kane wins face-off versus Drew Shore in BlueJackets zone.
11:54 of 1st period - Slapshot by Nick Foligno.
11:54 of 1st period - Shot Blocked by Trevor van Riemsdyk.
12:26 of 1st period - Minor Penalty to Andrew MacWilliam for Tripping.
12:27 of 1st period - Victor Rask wins face-off versus Nick Foligno in Ducks zone.
12:29 of 1st period - Wrist shot by Victor Rask.
12:29 of 1st period - Stopped by Jonathan Bernier with a rebound.
12:31 of 1st period - Slapshot by Patrick Wiercioch.
12:31 of 1st period - Stopped by Jonathan Bernier with a rebound.
12:33 of 1st period - Slapshot by Andrej Meszaros.
12:33 of 1st period - Stopped by Jonathan Bernier with a rebound.
12:35 of 1st period - Backhand shot by Ryan Garbutt.
12:35 of 1st period - Shot Blocked by Johnny Boychuk.
12:37 of 1st period - Slapshot by Patrick Wiercioch.
12:37 of 1st period - Stopped by Jonathan Bernier with a rebound.
12:39 of 1st period - Wrist shot by Andrej Meszaros.
12:39 of 1st period - Goal by Andrej Meszaros - BlueJackets : 1 - Ducks : 3.
12:40 of 1st period - Sam Gagner wins face-off versus Tyler Bozak in neutral zone.
12:47 of 1st period - Snap shot by Sam Gagner.
12:47 of 1st period - Stopped by Jonathan Bernier with a rebound.
13:33 of 1st period - Ryan Garbutt is hit by Johnny Boychuk and loses puck.
13:46 of 1st period - Snap shot by Victor Rask.
13:46 of 1st period - Stopped by Jonathan Bernier without a rebound.
13:47 of 1st period - Victor Rask wins face-off versus Henrik Sedin in Ducks zone.
14:12 of 1st period - Slapshot by Raphael Diaz.
14:12 of 1st period - Shot Misses the Net.
14:35 of 1st period - Drew Miller is hit by Ryane Clowe and loses puck.
14:57 of 1st period - Brian Dumoulin is hit by Brad Richardson and loses puck.
15:55 of 1st period - Nick Shore is hit by Andrew MacWilliam and loses puck.
16:22 of 1st period - Wrist shot by Patrick Kane.
16:22 of 1st period - Goal by Patrick Kane - BlueJackets : 1 - Ducks : 4.
16:22 of 1st period - Joni Ortio enters game.
16:23 of 1st period - Victor Rask wins face-off versus Jean-Gabriel Pageau in neutral zone.
16:35 of 1st period - Wrist shot by Anton Stralman.
16:35 of 1st period - Deflect By Brad Richardson.
16:35 of 1st period - Stopped by Joni Ortio with a rebound.
16:53 of 1st period - Backhand shot by Patrick Wiercioch.
16:53 of 1st period - Stopped by Jonathan Bernier with a rebound.
17:15 of 1st period - Snap shot by Jonathan Huberdeau.
17:15 of 1st period - Stopped by Joni Ortio with a rebound.
18:54 of 1st period - Wrist shot by Nick Foligno.
18:54 of 1st period - Deflect By Antoine Vermette.
18:54 of 1st period - Stopped by Joni Ortio with a rebound.
19:00 of 1st period - Drew Shore is hit by Nick Foligno and loses puck.
19:07 of 1st period - Andrew MacWilliam is hit by Ryane Clowe and loses puck.
Goals for this period are 1 for BlueJackets vs 4 for Ducks.
Shots for this period are 18 for BlueJackets vs 13 for Ducks.

2nd period


0:01 of 2nd period - Henrik Sedin wins face-off versus Sam Gagner in neutral zone.
0:18 of 2nd period - Andrej Meszaros is hit by Patrick Kane and loses puck.
0:46 of 2nd period - Minor Penalty to Andrej Meszaros for Hooking.
0:47 of 2nd period - Tyler Bozak wins face-off versus Sam Gagner in BlueJackets zone.
1:55 of 2nd period - Raphael Diaz is hit by Anton Stralman and loses puck.
2:32 of 2nd period - Wrist shot by Matt Nieto.
2:32 of 2nd period - Shot Misses the Net.
2:46 of 2nd period - Penalty to Andrej Meszaros is over, Andrej Meszaros is back on ice.
3:02 of 2nd period - Brad Richardson is hit by Andrej Meszaros and loses puck.
3:09 of 2nd period - Andrej Meszaros is hit by Drew Miller and loses puck.
3:46 of 2nd period - Slapshot by Antoine Vermette.
3:46 of 2nd period - Stopped by Joni Ortio without a rebound.
3:47 of 2nd period - Victor Rask wins face-off versus Tyler Bozak in BlueJackets zone.
4:45 of 2nd period - Matthew Carle is hit by Brian Dumoulin and loses puck.
5:10 of 2nd period - Wrist shot by Brad Richardson.
5:10 of 2nd period - Goal by Brad Richardson - BlueJackets : 1 - Ducks : 5.
5:11 of 2nd period - Jean-Gabriel Pageau wins face-off versus Victor Rask in neutral zone.
5:27 of 2nd period - Snap shot by Victor Rask.
5:27 of 2nd period - Stopped by Jonathan Bernier with a rebound.
6:20 of 2nd period - Wrist shot by Nikita Kucherov.
6:20 of 2nd period - Shot Misses the Net.
6:22 of 2nd period - Wrist shot by Jonathan Huberdeau.
6:22 of 2nd period - Deflect By Tyler Bozak.
6:22 of 2nd period - Ducks goal is going for a video replay.
6:22 of 2nd period - The goal is refused. The net was displaced accidentally..
6:23 of 2nd period - Drew Shore wins face-off versus Henrik Sedin in BlueJackets zone.
8:38 of 2nd period - Minor Penalty to Patrick Wiercioch for Goalie Interference.
8:39 of 2nd period - Sam Gagner wins face-off versus Henrik Sedin in BlueJackets zone.
9:09 of 2nd period - Snap shot by Trevor van Riemsdyk.
9:09 of 2nd period - Deflect By Teddy Purcell.
9:09 of 2nd period - Stopped by Jonathan Bernier without a rebound.
9:10 of 2nd period - Tyler Bozak wins face-off versus Sam Gagner in Ducks zone.
9:19 of 2nd period - Wrist shot by Jonathan Huberdeau.
9:19 of 2nd period - Goal by Jonathan Huberdeau - BlueJackets : 1 - Ducks : 6.
9:20 of 2nd period - Tyler Bozak wins face-off versus Drew Shore in neutral zone.
10:20 of 2nd period - Ryan Garbutt is hit by Nick Foligno and loses puck.
11:13 of 2nd period - Snap shot by Brad Richardson.
11:13 of 2nd period - Shot Blocked by Matt Nieto.
11:15 of 2nd period - Snap shot by Drew Miller.
11:15 of 2nd period - Stopped by Joni Ortio without a rebound.
11:16 of 2nd period - Tyler Bozak wins face-off versus Nick Shore in BlueJackets zone.
11:27 of 2nd period - Backhand shot by Jonathan Huberdeau.
11:27 of 2nd period - Shot Misses the Net.
11:29 of 2nd period - Slapshot by Andrew MacWilliam.
11:29 of 2nd period - Deflect By Sam Gagner.
11:29 of 2nd period - Stopped by Joni Ortio with a rebound.
11:31 of 2nd period - Slapshot by Andrew MacWilliam.
11:31 of 2nd period - Stopped by Joni Ortio without a rebound.
11:32 of 2nd period - Tyler Bozak wins face-off versus Nick Shore in BlueJackets zone.
11:35 of 2nd period - Snap shot by Jonathan Huberdeau.
11:35 of 2nd period - Shot Misses the Net.
11:45 of 2nd period - Wrist shot by Jonathan Huberdeau.
11:45 of 2nd period - Stopped by Joni Ortio with a rebound.
12:03 of 2nd period - Snap shot by Drew Shore.
12:03 of 2nd period - Shot Misses the Net.
12:05 of 2nd period - Slapshot by Patrick Wiercioch.
12:05 of 2nd period - Shot Blocked by Anton Stralman.
12:07 of 2nd period - Snap shot by Drew Shore.
12:07 of 2nd period - Shot Misses the Net.
12:43 of 2nd period - Snap shot by Jean-Gabriel Pageau.
12:43 of 2nd period - Shot Misses the Net.
13:49 of 2nd period - Snap shot by Nick Foligno.
13:49 of 2nd period - Shot Misses the Net.
13:51 of 2nd period - Slapshot by Andrew MacWilliam.
13:51 of 2nd period - Shot Blocked by Ryan Garbutt.
13:53 of 2nd period - Slapshot by Matthew Carle.
13:53 of 2nd period - Shot Blocked by Ryan Garbutt.
13:55 of 2nd period - Slapshot by Matthew Carle.
13:55 of 2nd period - Stopped by Joni Ortio with a rebound.
14:28 of 2nd period - Jean-Gabriel Pageau is hit by Matt Nieto and loses puck.
15:18 of 2nd period - Trevor van Riemsdyk is hit by Tyler Bozak and loses puck.
16:33 of 2nd period - Slapshot by Patrick Wiercioch.
16:33 of 2nd period - Shot Misses the Net.
17:36 of 2nd period - Minor Penalty to Chris Wagner for Holding.
17:37 of 2nd period - Sam Gagner wins face-off versus Tyler Bozak in BlueJackets zone.
18:43 of 2nd period - Raphael Diaz is hit by Johnny Boychuk and loses puck.
19:36 of 2nd period - Penalty to Chris Wagner is over, Chris Wagner is back on ice.
Goals for this period are 0 for BlueJackets vs 2 for Ducks.
Shots for this period are 2 for BlueJackets vs 9 for Ducks.

3rd period


0:01 of 3rd period - Henrik Sedin wins face-off versus Sam Gagner in neutral zone.
0:18 of 3rd period - Snap shot by Patrick Kane.
0:18 of 3rd period - Shot Misses the Net.
0:20 of 3rd period - Slapshot by Johnny Boychuk.
0:20 of 3rd period - Stopped by Joni Ortio without a rebound.
0:21 of 3rd period - Victor Rask wins face-off versus Nikita Kucherov in BlueJackets zone.
0:26 of 3rd period - Marc Staal is hit by Chris Thorburn and loses puck.
1:16 of 3rd period - Seth Helgeson is hit by Nick Foligno and loses puck.
2:19 of 3rd period - Drew Miller is hit by Drew Shore and loses puck.
2:36 of 3rd period - Slapshot by Patrick Wiercioch.
2:36 of 3rd period - Deflect By Matthew Carle.
2:36 of 3rd period - Stopped by Jonathan Bernier without a rebound.
2:37 of 3rd period - Victor Rask wins face-off versus Antoine Vermette in Ducks zone.
3:12 of 3rd period - Icing by Ryan Garbutt.
3:13 of 3rd period - Victor Rask wins face-off versus Tyler Bozak in BlueJackets zone.
3:44 of 3rd period - Tyler Bozak is hit by Ryane Clowe and loses puck.
4:04 of 3rd period - Backhand shot by Brad Richardson.
4:04 of 3rd period - Stopped by Joni Ortio with a rebound.
4:47 of 3rd period - Slapshot by Patrick Wiercioch.
4:47 of 3rd period - Shot Blocked by Matthew Carle.
4:49 of 3rd period - Wrist shot by Sam Gagner.
4:49 of 3rd period - Stopped by Jonathan Bernier without a rebound.
4:50 of 3rd period - Henrik Sedin wins face-off versus Sam Gagner in Ducks zone.
5:39 of 3rd period - James Wisniewski is hit by Chris Thorburn and loses puck.
5:48 of 3rd period - Snap shot by Victor Rask.
5:48 of 3rd period - Stopped by Jonathan Bernier without a rebound.
5:49 of 3rd period - Jean-Gabriel Pageau wins face-off versus Nick Shore in Ducks zone.
5:49 of 3rd period - Jean-Gabriel Pageau is hit by Chris Wagner.
6:02 of 3rd period - Minor Penalty to Raphael Diaz for Holding Stick.
6:03 of 3rd period - Patrick Kane wins face-off versus Sam Gagner in BlueJackets zone.
6:09 of 3rd period - Wrist shot by Henrik Sedin.
6:09 of 3rd period - Goal by Henrik Sedin - BlueJackets : 1 - Ducks : 7.
6:10 of 3rd period - Henrik Sedin wins face-off versus Sam Gagner in neutral zone.
6:15 of 3rd period - Snap shot by Henrik Sedin.
6:15 of 3rd period - Stopped by Joni Ortio without a rebound.
6:16 of 3rd period - Henrik Sedin wins face-off versus Sam Gagner in BlueJackets zone.
6:22 of 3rd period - Minor Penalty to Andrej Meszaros for High sticking.
6:23 of 3rd period - Sam Gagner wins face-off versus Henrik Sedin in BlueJackets zone.
6:39 of 3rd period - Snap shot by Henrik Sedin.
6:39 of 3rd period - Stopped by Joni Ortio with a rebound.
7:23 of 3rd period - Seth Helgeson is hit by Tyler Bozak.
7:44 of 3rd period - Matt Nieto is hit by Nikita Kucherov and loses puck.
8:22 of 3rd period - Penalty to Andrej Meszaros is over, Andrej Meszaros is back on ice.
8:40 of 3rd period - James Wisniewski is hit by Andrej Meszaros and loses puck.
9:01 of 3rd period - Nikita Kucherov is hit by Derek Dorsett and loses puck.
9:23 of 3rd period - Brad Richardson is hit by Chris Thorburn and loses puck.
9:48 of 3rd period - Wrist shot by Nick Shore.
9:48 of 3rd period - Stopped by Jonathan Bernier without a rebound.
9:49 of 3rd period - Nick Shore wins face-off versus Antoine Vermette in Ducks zone.
10:02 of 3rd period - Snap shot by Nick Foligno.
10:02 of 3rd period - Shot Misses the Net.
10:28 of 3rd period - Wrist shot by Drew Shore.
10:28 of 3rd period - Deflect By Ryane Clowe.
10:28 of 3rd period - Shot Misses the Net.
10:28 of 3rd period - Puck is out of play.
10:29 of 3rd period - Drew Shore wins face-off versus Jean-Gabriel Pageau in Ducks zone.
10:38 of 3rd period - Wrist shot by Drew Shore.
10:38 of 3rd period - Shot Blocked by Jean-Gabriel Pageau.
10:40 of 3rd period - Slapshot by Seth Helgeson.
10:40 of 3rd period - Shot Blocked by Andrew MacWilliam.
10:42 of 3rd period - Slapshot by Seth Helgeson.
10:42 of 3rd period - Shot Misses the Net.
10:44 of 3rd period - Slapshot by Seth Helgeson.
10:44 of 3rd period - Stopped by Jonathan Bernier with a rebound.
10:46 of 3rd period - Backhand shot by Raphael Diaz.
10:46 of 3rd period - Deflect By Drew Shore.
10:46 of 3rd period - Shot Misses the Net.
10:46 of 3rd period - Puck is out of play.
10:47 of 3rd period - Victor Rask wins face-off versus Jean-Gabriel Pageau in Ducks zone.
10:55 of 3rd period - Brad Richardson beats up Chris Thorburn.
10:55 of 3rd period - Penalty to Brad Richardson for Fighting.
10:55 of 3rd period - Penalty to Chris Thorburn for Fighting.
10:55 of 3rd period - Penalty to Chris Thorburn for instigated a fight.
10:55 of 3rd period - Penalty to Chris Thorburn for instigated a fight.
10:56 of 3rd period - Henrik Sedin wins face-off versus Sam Gagner in Ducks zone.
10:58 of 3rd period - Minor Penalty to Anton Stralman for Holding.
10:59 of 3rd period - Sam Gagner wins face-off versus Nick Foligno in Ducks zone.
11:11 of 3rd period - Slapshot by Patrick Wiercioch.
11:11 of 3rd period - Deflect By Sam Gagner.
11:11 of 3rd period - Stopped by Jonathan Bernier with a rebound.
12:02 of 3rd period - Nick Foligno is hit by Seth Helgeson and loses puck.
12:27 of 3rd period - Snap shot by Patrick Kane.
12:27 of 3rd period - Goal by Patrick Kane - BlueJackets : 1 - Ducks : 8.
12:28 of 3rd period - Nick Foligno wins face-off versus Sam Gagner in neutral zone.
12:39 of 3rd period - Snap shot by Patrick Kane.
12:39 of 3rd period - Shot Misses the Net.
12:41 of 3rd period - Snap shot by Nick Foligno.
12:41 of 3rd period - Stopped by Joni Ortio with a rebound.
12:43 of 3rd period - Slapshot by Marc Staal.
12:43 of 3rd period - Stopped by Joni Ortio with a rebound.
12:45 of 3rd period - Slapshot by Nick Foligno.
12:45 of 3rd period - Shot Blocked by Teddy Purcell.
12:55 of 3rd period - Penalty to Chris Thorburn is over, Ryane Clowe is send on ice.
12:58 of 3rd period - Penalty to Anton Stralman is over, Anton Stralman is back on ice.
13:03 of 3rd period - Icing by Anton Stralman.
13:04 of 3rd period - Ryan Garbutt wins face-off versus Antoine Vermette in Ducks zone.
13:23 of 3rd period - Wrist shot by Victor Rask.
13:23 of 3rd period - Stopped by Jonathan Bernier without a rebound.
13:24 of 3rd period - Tyler Bozak wins face-off versus Ryane Clowe in Ducks zone.
13:41 of 3rd period - Jonathan Huberdeau is hit by Derek Dorsett and loses puck.
14:10 of 3rd period - Minor Penalty to Antoine Vermette for Holding.
14:11 of 3rd period - Victor Rask wins face-off versus Nick Foligno in Ducks zone.
14:48 of 3rd period - Snap shot by Patrick Kane.
14:48 of 3rd period - Shot Misses the Net.
15:14 of 3rd period - Wrist shot by Matt Nieto.
15:14 of 3rd period - Stopped by Jonathan Bernier without a rebound.
15:15 of 3rd period - Nick Foligno wins face-off versus Sam Gagner in Ducks zone.
15:31 of 3rd period - Minor Penalty to James Wisniewski for Roughing.
15:32 of 3rd period - Nick Foligno wins face-off versus Sam Gagner in Ducks zone.
15:48 of 3rd period - Slapshot by Patrick Wiercioch.
15:48 of 3rd period - Shot Blocked by Anton Stralman.
15:55 of 3rd period - Penalty to Brad Richardson is over, Brad Richardson is back on ice.
16:10 of 3rd period - Penalty to Antoine Vermette is over, Antoine Vermette is back on ice.
16:42 of 3rd period - Slapshot by Seth Helgeson.
16:42 of 3rd period - Shot Blocked by Anton Stralman.
16:44 of 3rd period - Slapshot by Raphael Diaz.
16:44 of 3rd period - Shot Blocked by Matthew Carle.
17:06 of 3rd period - Patrick Kane is hit by Ryan Garbutt and loses puck.
17:17 of 3rd period - Henrik Sedin is hit by Seth Helgeson and loses puck.
17:31 of 3rd period - Penalty to James Wisniewski is over, James Wisniewski is back on ice.
17:44 of 3rd period - Patrick Wiercioch is hit by Blake Comeau and loses puck.
18:16 of 3rd period - Snap shot by Nick Shore.
18:16 of 3rd period - Stopped by Jonathan Bernier without a rebound.
18:17 of 3rd period - Nick Shore wins face-off versus Tyler Bozak in Ducks zone.
18:32 of 3rd period - Wrist shot by Jonathan Huberdeau.
18:32 of 3rd period - Stopped by Joni Ortio with a rebound.
18:48 of 3rd period - Brian Dumoulin is hit by James Wisniewski and loses puck.
18:52 of 3rd period - Icing by Brian Dumoulin.
18:53 of 3rd period - Victor Rask wins face-off versus Jean-Gabriel Pageau in BlueJackets zone.
19:16 of 3rd period - Seth Helgeson is hit by Jean-Gabriel Pageau and loses puck.
Goals for this period are 0 for BlueJackets vs 2 for Ducks.
Shots for this period are 9 for BlueJackets vs 9 for Ducks.